 Dungeon Crawl Stone Soup version 0.19-a0-1613-g7c9bbd0 (webtiles) character file.

174 Amciq the Chopper (level 5, -9/47 HPs)
             Began as a Hill Orc Monk on Sept 17, 2016.
             Was a Believer of Makhleb.
             Mangled by an ogre
             ... wielding a +0 giant spiked club
              (28 damage)
             ... on level 4 of the Dungeon.
             The game lasted 00:07:53 (3421 turns).

Amciq the Chopper (Hill Orc Monk)                   Turns: 3421, Time: 00:07:53

Health: -9/47      AC:  3    Str: 15    XL:     5   Next: 54%
Magic:  6/6        EV: 13    Int: 10    God:    Makhleb [**....]
Gold:   121        SH:  0    Dex: 13    Spells: 0 memorised, 4 levels left

rFire  . . .     SeeInvis .     a - +1 hand axe
rCold  . . .     Gourm    .     b - +0 robe
rNeg   . . .     Faith    .     (no shield)
rPois  .         Spirit   .     d - +0 helmet
rElec  .         Dismiss  .     (no cloak)
rCorr  .         Reflect  .     (no gloves)
MR     .....     Harm     .     (no boots)
Stlth  ++........               (no amulet)
                                (no ring)
                                (no ring)

@: no status effects
A: no striking features
a: Minor Destruction, Renounce Religion


You were on level 4 of the Dungeon.
You worshipped Makhleb.
Makhleb was pleased with you.
You were not hungry.

You visited 1 branch of the dungeon, and saw 4 of its levels.

You collected 121 gold pieces.

Inventory:

Hand Weapons
 a - a +1 hand axe (weapon)
Armour
 b - a +0 robe (worn)
 d - a +0 helmet (worn)
Scrolls
 j - 4 scrolls of teleportation
 p - 3 scrolls of identify
Potions
 h - a potion of flight {unknown}
 i - a potion of resistance {unknown}
 l - a potion of heal wounds
 m - a potion of degeneration {unknown}
 n - 2 potions of curing {unknown}
Comestibles
 c - 3 bread rations
 f - 3 fruits
 g - a meat ration
 k - 3 beef jerkies


   Skills:
 + Level 4.5 Fighting
 + Level 5.7 Axes
 + Level 1.3 Armour
 - Level 3.0 Dodging
 - Level 2.1 Stealth
 + Level 1.6 Invocations


You had 4 spell levels left.
You didn't know any spells.

Dungeon Overview and Level Annotations

Branches:
Dungeon (4/15)
 Temple: D:4-7

Altars:
Makhleb
Vehumet
The Shining One


Message History

You fail to use your ability.
Press: ? - help, Shift-Dir - straight line, f/p - ogre
Aim: an ogre, wielding a giant spiked club (moderately wounded)
The acid misses the ogre.
You slash the ogre!
The ogre is heavily wounded.
The ogre hits you with a giant spiked club!
You hit the ogre.
The ogre is severely wounded.
The ogre hits you with a giant spiked club!
You hit the ogre.
The ogre is severely wounded.
The ogre barely misses you.
You hit the ogre.
The ogre is severely wounded.
You barely miss the ogre.
The ogre is severely wounded.
The ogre hits you with a giant spiked club!!
Ouch! That really hurt!
You die...

#.#.... ......
#...... .....
....... ....
...... ...
#.$.. ..## .
##...#...#..#
##....O....#.#
#...$.@.......
#+####......##
#......#
#.....##
#.......
#.####### ..#
###


You could see an ogre.

Vanquished Creatures
  A hound (D:2)
  Ijyb (D:4)
  2 adders
  An ooze (D:1)
  3 worms
  A dart slug (D:1)
  7 leopard geckos
  An orc (D:4)
  4 giant cockroaches
  6 hobgoblins
  7 jackals
  A quokka (D:2)
  2 ball pythons (D:1)
  5 bats
  4 frilled lizards
  13 goblins
  8 kobolds
  14 rats
81 creatures vanquished.

Notes
Turn   | Place    | Note
-------+----------+-------------------------------------------
     0 | D:1      | Amciq the Hill Orc Monk began the quest for the Orb.
     0 | D:1      | Reached XP level 1. HP: 19/19 MP: 1/1
    49 | D:1      | Reached XP level 2. HP: 19/27 MP: 2/2
   556 | D:1      | Reached XP level 3. HP: 24/33 MP: 3/3
  1466 | D:1      | Reached skill level 5 in Axes
  1596 | D:2      | Reached XP level 4. HP: 40/40 MP: 4/4
  1800 | D:2      | Found a glowing golden altar of the Shining One.
  1884 | D:2      | Found a burning altar of Makhleb.
  1977 | D:2      | Became a worshipper of Makhleb the Destroyer
  1977 | D:2      | Reached * piety under Makhleb
  1977 | D:2      | Reached ** piety under Makhleb
  2454 | D:4      | Reached XP level 5. HP: 44/46 MP: 5/5
  2466 | D:3      | Reached skill level 1 in Invocations
  2472 | D:3      | Noticed Ijyb
  2508 | D:4      | Killed Ijyb
  2508 | D:4      | Reached skill level 1 in Armour
  2784 | D:3      | Found a radiant altar of Vehumet.
  3408 | D:4      | Noticed an ogre
  3421 | D:4      | Mangled by an ogre

Vault maps used:
D:1:      evilmike_arrival_hilbert_curve, hangedman_decor_clover_reticule
D:2:      nicolae_tso_carved_into_rock, first_bread, kennysheep_nondescript,
          makhleb_blood_cavern_becter
D:3:      kennysheep_the_goblin_king, lemuel_coloured_pillars_altar,
          minmay_hedge_maze, hangedman_glass_teeth
D:4:      wad_river_or_something, serial_shops, shop, grunt_decor_mini_mirrors,
          led_xom_imps

Skill      XL: |  1  2  3  4  5 |
---------------+----------------+-----
Axes           | 5 |  5.7
Fighting       | 4 |  4.5
Dodging        | 3 |  3.0
Stealth        | 2 |  2.1
Invocations    | 1 |  1.6
Armour         | 1 |  1.3

Action                   |  1- 3 |  4- 6 || total
-------------------------+-------+-------++-------
Melee: Hand axe          |   124 |   159 ||   283
Invok: Minor Destruction |       |     4 ||     4
  Use: Scroll            |       |     6 ||     6
 Stab: Sleeping          |     4 |     3 ||     7
       Distracted        |     1 |       ||     1
  Eat: Chunk             |     2 |     5 ||     7
       Pizza             |       |     1 ||     1
Armor: Robe              |    22 |    28 ||    50
Dodge: Dodged            |    68 |    96 ||   164
